 Dungeon Crawl Stone Soup version 0.24-a0-586-g8e0e932a4c (webtiles) character file.

Game seed: 14052832285310336734, levelgen mode: deterministic

21 Mithandil the Conjurer (level 2, -10/16 HPs)
             Began as a Tengu Conjurer on Sept 8, 2019.
             Killed from afar by a white imp (12 damage)
             ... with a puff of frost
             ... summoned by Natasha
             ... on level 2 of the Dungeon.
             The game lasted 00:03:51 (1060 turns).

Mithandil the Conjurer (Tengu Conjurer)             Turns: 1060, Time: 00:03:52

Health: -10/16     AC:  0    Str:  8    XL:     2   Next: 87%
Magic:  3/6        EV: 24    Int: 15    God:
Gold:   32         SH:  0    Dex: 19    Spells: 2/5 levels left

rFire    . . .     SeeInvis .   (weapon currently unavailable)
rCold    . . .     Gourm    .   (shield currently unavailable)
rNeg     . . .     Faith    .   (armour currently unavailable)
rPois    .         Spirit   .   (helmet currently unavailable)
rElec    .         Reflect  .   (cloak currently unavailable)
rCorr    .         Harm     .   (gloves currently unavailable)
MR       .....                  (boots unavailable)
Stlth    ++........             (no amulet)
HPRegen  0.05/turn              (ring currently unavailable)
MPRegen  0.10/turn              (ring currently unavailable)

@: bat-form, flying quickly and evasively, very slightly contaminated, slowed,
quick
A: tiny
a: no special abilities


You were on level 2 of the Dungeon.
You were hungry.
You were in bat-form.
You visited 1 branch of the dungeon, and saw 2 of its levels.

You collected 32 gold pieces.

Inventory:

Hand Weapons
 a - a +0 dagger (melded)
Missiles
 g - 53 stones (quivered)
Armour
 b - a cursed +0 ring mail (melded)
 j - a +1 pair of gloves (melded)
Scrolls
 e - a scroll of remove curse
 h - a scroll of fear {unknown}
 k - a scroll of identify {unknown}
 l - a scroll of fog {unknown}
Potions
 f - a potion of lignification {unknown}
 i - a potion of heal wounds {unknown}
Comestibles
 c - 2 rations


   Skills:
 + Level 0.5 Fighting
 + Level 2.5 Dodging
 + Level 2.2 Stealth
 * Level 2.3 Spellcasting
 * Level 5.6 Conjurations


You had 2 spell levels left.
You knew the following spells:

 Your Spells              Type           Power        Failure   Level  Hunger
a - Magic Dart            Conj           ###.         1%          1    #......
b - Searing Ray           Conj           ###...       3%          2    ###....

Your spell library contained the following spells:

 Spells                   Type           Power        Failure   Level  Hunger
 Dazzling Spray           Conj/Hex       ##....       21%         3    ###....
 Iskenderun's Mystic Bla  Conj           ###.....     21%         4    #####..
 Force Lance              Conj/Tloc      ##......     56%         4    #####..
 Fulminant Prism          Conj/Hex       ##........   56%         4    #####..


Dungeon Overview and Level Annotations

Branches:
Dungeon (2/15)

Altars:

Annotations:
D:2 Natasha


Innate Abilities, Weirdness & Mutations

((You have a beak for a mouth.))
((You have claws for feet.))


Message History

The bat completely misses you.
Natasha mumbles some strange words.
Natasha completely misses you.
You barely miss Natasha.
Natasha is moderately wounded.
The bat completely misses you. x2; Natasha completely misses you.
You hit Natasha but do no damage.
Natasha is moderately wounded.
The bat hits you.
* * * LOW HITPOINT WARNING * * *
The bat misses you. The white imp gestures at you.
The puff of frost misses you. Natasha misses you.
The worm completely misses you. Natasha completely misses you.
The bat misses you. The bat misses you. The white imp gestures at you.
The puff of frost hits you!
Ouch! That really hurt!
You die...

... # .... ###..
...########.....
.............#
#.!........##.
####...5h.w......
................#
.......bb........
.....#+####......
.... ...... ...
...... .....
.....


You could see a worm, Natasha, a white imp and a bat.

Vanquished Creatures
  A dart slug (D:1)
  A giant cockroach (D:1)
  2 hobgoblins (D:1)
  3 jackals (D:1)
  3 kobolds (D:1)
  3 bats (D:1)
  2 goblins (D:1)
  3 rats (D:1)
18 creatures vanquished.

Notes
Turn   | Place    | Note
-------+----------+-------------------------------------------
     0 | D:1      | Mithandil the Tengu Conjurer began the quest for the Orb.
     0 | D:1      | Reached XP level 1. HP: 10/10 MP: 4/4
   185 | D:1      | Reached XP level 2. HP: 16/16 MP: 0/6
   189 | D:1      | Learned a level 2 spell: Searing Ray
  1045 | D:2      | Noticed Natasha
  1060 | D:2      | Killed from afar by a white imp

Levels and vault maps discovered:
D:1:      sevenhm_arrival_forest_fort_large_4, layout_basic,
          chequers_serial_rivers_micro_b
D:2:      layout_basic, first_ration, uniq_natasha

Action                   || total
-------------------------++-------
Melee: Dagger            ||    11
       Kick              ||     7
       Unarmed           ||     6
 Cast: Magic Dart        ||    26
  Use: Scroll            ||     1
 Stab: Sleeping          ||     2
Armor: Robe              ||     3
Dodge: Dodged            ||    26

Table legend:
 A = Non-vault XP
 B = Vault XP
 C = Vault XP percentage of total XP
 D = Non-vault monster count
 E = Vault monster count
 F = Vault count percentage of total count
                 A         B        C        D         E       F
            +---------+---------+-------+---------+---------+-------
      Total |      31 |       0 |   0.0 |      18 |       0 |   0.0
            +---------+---------+-------+---------+---------+-------
        D:1 |      31 |       0 |   0.0 |      18 |       0 |   0.0
            +---------+---------+-------+---------+---------+-------
